 Dungeon Crawl Stone Soup version 0.24.0-1-gfbc8707122 (webtiles) character file.

Game seed: 8539228297322866896, levelgen mode: deterministic

206154 Amplified the Hoplite (level 18, -6/170 HPs)
             Began as a Minotaur Fighter on Oct 26, 2019.
             Was the Champion of the Shining One.
             Mangled by a death yak (7 damage)
             ... led by Polyphemus
             ... while petrified by you
             ... on level 2 of the Shoals.
             The game lasted 00:35:07 (26073 turns).

Amplified the Hoplite (Minotaur Fighter)           Turns: 26073, Time: 00:35:07

Health: -6/170     AC: 15    Str: 38    XL:     18   Next: 6%
Magic:  23/23      EV:  2    Int:  9    God:    the Shining One [******]
Gold:   690        SH:  0    Dex: 17    Spells: 17/17 levels left

rFire    + . .     SeeInvis +   p - +9 broad axe (holy)
rCold    + . .     Gourm    .   k - +10 large shield of Ignorance {rN+ Int-4}
rNeg     + + +     Faith    .   q - +4 leather armour of the Ban {rPois SInv}
rPois    ∞         Spirit   .   Q - +0 hat of Jigsaw {*Corrode Regen+ Dex+5 Slay+2}
rElec    +         Reflect  .   (no cloak)
rCorr    +         Harm     .   Y - +2 pair of gloves {Str+3}
MR       +....                  X - +1 pair of boots
Stlth    +.........             d - amulet of the acrobat
HPRegen  0.78/turn              L - ring of resist corrosion
MPRegen  0.18/turn              U - ring "Puug Kupn" {*Corrode rPois Str+5 Int+6}

@: mighty, resistant, petrified, glowing
A: retaliatory headbutt, horns 2
}: 1/15 runes: serpentine
a: Divine Shield, Cleansing Flame, Summon Divine Warrior, Renounce Religion


You were on level 2 of the Shoals.
You worshipped the Shining One.
The Shining One was exalted by your worship.
You were hungry.

You visited 5 branches of the dungeon, and saw 30 of its levels.
You also visited: Ice Cave.

You collected 4242 gold pieces.
You spent 3552 gold pieces at shops.

Inventory:

Hand Weapons
 l - a +1 eveningstar of freezing
 p - a +9 broad axe of holy wrath (weapon)
Missiles
 g - 4 throwing nets
 n - 11 silver boomerangs (quivered)
Armour
 c - a +4 shield
 k - the +10 large shield of Ignorance (worn) {rN+ Int-4}
   (You bought it in a shop on level 9 of the Dungeon)

   It affects your intelligence (-4).
   It protects you from negative energy.
 q - the +4 leather armour of the Ban (worn) {rPois SInv}
   (You found it on level 7 of the Dungeon)

   It protects you from poison.
   It lets you see invisible.
 A - the +1 leather armour of Cochasim {Str+3 Int+4, unknown}
   (You found it on level 2 of the Shoals)

   It affects your strength (+3).
   It affects your intelligence (+4).
 Q - the +0 hat of Jigsaw (worn) {*Corrode Regen+ Dex+5 Slay+2}
   (You found it on level 2 of the Lair of Beasts)

   It affects your dexterity (+5).
   It affects your accuracy and damage with ranged weapons and melee attacks
   (+2).
   It increases your rate of regeneration.
   It may corrode you when you take damage.
 X - a +1 pair of boots (worn)
 Y - a +2 pair of gloves of strength (worn)
Jewellery
 d - an amulet of the acrobat (around neck)
 j - an uncursed ring of see invisible
 y - an uncursed ring of stealth
 z - an uncursed ring of poison resistance
 F - an uncursed ring of protection from cold
 L - a ring of resist corrosion (left hand)
 U - the ring "Puug Kupn" (right hand) {*Corrode rPois Str+5 Int+6}
   (You bought it in a shop on level 13 of the Dungeon)

   [ring of strength]

   It affects your strength (+5).
   It affects your intelligence (+6).
   It protects you from poison.
   It may corrode you when you take damage.
Wands
 a - a wand of flame (31)
 i - a wand of iceblast (25)
 w - a wand of disintegration (18)
 x - a wand of paralysis (7)
 E - a wand of enslavement (24)
 J - a wand of polymorph (5)
 R - a wand of acid (2)
 T - a wand of digging (6)
Scrolls
 h - 6 scrolls of amnesia
 m - 5 scrolls of immolation
 s - 5 scrolls of blinking
 u - 6 scrolls of remove curse
 v - 13 scrolls of teleportation
 C - 3 scrolls of fog
 D - 2 scrolls of identify
 O - a scroll of fear
Potions
 b - 5 potions of lignification
 o - 3 potions of brilliance
 r - 11 potions of curing
 t - a potion of might
 G - 4 potions of magic
 K - 3 potions of haste
 P - 3 potions of mutation
 S - a potion of cancellation
Miscellaneous
 e - a fan of gales
 H - a phantom mirror
 Z - a lamp of fire
Comestibles
 f - 37 rations


   Skills:
 * Level 17.2 Fighting
 - Level 18.9 Axes
 * Level 13.7 Armour
 - Level 7.8 Dodging
 * Level 21.3 Shields
 - Level 8.8 Invocations


You had 17 spell levels left.
You didn't know any spells.
Your spell library contained the following spells:

 Spells                   Type           Power        Failure   Level  Hunger
 Flame Tongue             Conj/Fire      #....        56%         1    ##.....
 Magic Dart               Conj           #...         56%         1    ##.....
 Sandblast                Erth           #.....       56%         1    ##.....
 Blink                    Tloc           N/A          71%         2    ###....
 Call Imp                 Summ           #.......     71%         2    ###....
 Passwall                 Tmut/Erth      #.......     71%         2    ###....
 Slow                     Hex            #.......     71%         2    ###....
 Conjure Flame            Conj/Fire      #.......     90%         3    ####...
 Mephitic Cloud           Conj/Pois/Air  #.......     90%         3    ####...
 Stone Arrow              Conj/Erth      #.....       90%         3    ####...
 Cause Fear               Hex            #.........   100%        4    #####..
 Ice Form                 Ice/Tmut       #.......     100%        4    #####..
 Petrify                  Tmut/Erth      #.......     100%        4    #####..
 Fireball                 Conj/Fire      #.........   100%        5    ######.
 Lee's Rapid Deconstruct  Erth           #.........   100%        5    ######.
 Metabolic Englaciation   Hex/Ice        #.........   100%        5    ######.
 Bolt of Cold             Conj/Ice       #.........   100%        6    #######
 Bolt of Fire             Conj/Fire      #.........   100%        6    #######
 Freezing Cloud           Conj/Ice/Air   #.........   100%        6    #######
 Ozocubu's Refrigeration  Ice            #.........   100%        6    #######
 Simulacrum               Ice/Necr       #.........   100%        6    #######
 Dragon Form              Tmut           #.........   100%        7    #######
 Dragon's Call            Summ           #.........   100%        9    #######
 Shatter                  Erth           #.........   100%        9    #######


Dungeon Overview and Level Annotations

Branches:
Dungeon (15/15)            Temple (0/1) D:5            Lair (6/6) D:10
 Shoals (3/4) Lair:2        Snake (4/4) Lair:4        Slime (0/5) Lair:5
    Orc (2/2) D:9             Elf (0/3) Orc:2        Vaults (0/5) D:14
 Depths (0/5) D:15          IceCv (visited)

Altars:
Elyvilon
Hepliaklqana
Nemelex Xobeh
Ru
Sif Muna
Xom
Yredelemnul
Zin
The Shining One
Jiyva

Shops:
D:9 [   D:10 =   D:13 *   D:15 *   Orc:2 *[**   Shoals:2 *   Snake:1 }
Snake:4 =

Portals:
Trove: D:10 (give 13 potions of heal wounds)

Annotations:
Shoals:2 Nikola; Polyphemus
Snake:4 2 transporters, littlecub's ghost, journeyman DsGl


Innate Abilities, Weirdness & Mutations

You reflexively headbutt those who attack you in melee.
You have a pair of horns on your head.


Message History

The death yak gores you but does no damage.
The faun no longer looks unusually strong.
The faun hits you with a +0 club!
* * * LOW HITPOINT WARNING * * *
The faun is engulfed in calcifying dust.
The catoblepas gores you but does no damage.
The death yak gores you!!
* * * LOW HITPOINT WARNING * * *
The faun is engulfed in calcifying dust.
The faun hits you with a +0 club.
* * * LOW HITPOINT WARNING * * *
The catoblepas gores you.
* * * LOW HITPOINT WARNING * * *
The death yak gores you but does no damage.
The faun hits you with a +0 club.
* * * LOW HITPOINT WARNING * * *
The catoblepas gores you!! The Shining One protects you from harm!
The death yak gores you!
You die...

≈≈....≈...≈...≈≈...≈.....
≈<.....................#.
≈..# ....≈≈≈≈≈.≈≈≈...>..
≈.## #.........≈≈≈.≈≈≈≈.
≈.######.................
≈...##..".............=..
................((...#..≈
##.>≈≈≈≈..(....)c)...?..≈
#.≈≈≈.≈...⌠.(.(@c......≈
##.≈≈≈≈≈≈...∩.(YYY...P...
#..≈≈≈≈≈≈≈.⌠.⌠.)C....##..
.≈≈≈≈≈≈≈≈≈...........# .
(...≈≈≈≈≈≈.......P...P.
#########≈.....@.....##P
#≈≈≈# #≈...........# .
##≈≈≈# #≈..........?#
≈≈≈≈#####≈≈≈≈.....P.##


You could see Nikola, Polyphemus, 2 death yaks, a catoblepas and 2 fauns.

Vanquished Creatures
  Vashnia (Snake:4)
  6 nagarajas (Snake:4)
  Agnes (Snake:2)
  Ilsuiw (Shoals:2)
  A frost giant (IceCv)
  2 merfolk impalers (Shoals:1)
  A fire dragon (Lair:6)
  3 merfolk javelineers (Shoals:2)
  A yaktaur captain (D:15)
  5 vault guards (D:14)
  13 naga warriors
  Fannar (Lair:1)
  7 centaur warriors
  An alligator snapping turtle (Shoals:2)
  5 hydras
  6 anacondas
  3 catoblepae
  2 merfolk aquamancers (Shoals:2)
  3 two-headed ogres
  A satyr (Shoals:2)
  8 death yaks
  4 tengu warriors
  10 naga sharpshooters
  Nergalle (Lair:2)
  2 shock serpents (Snake:4)
  A deep elf knight (D:14)
  2 fire crabs (Lair:2)
  6 salamander mystics
  10 naga ritualists
  A swamp dragon (Lair:6)
  3 unseen horrors
  9 sea snakes
  3 orc knights
  3 harpies (Shoals:2)
  2 lindwurms (Lair:6)
  14 salamanders
  4 wizards
  11 mana vipers
  8 ugly things
  A wolf spider (D:15)
  3 orc sorcerers
  6 cyclopes
  8 manticores
  7 fauns
  4 deep elf magi
  2 centaur zombies
  4 merfolk sirens
  An elephant (Lair:5)
  A water nymph (Shoals:2)
  9 guardian serpents
  50 black mambas
  The ghost of Mrkan the Skirmisher, a novice CeFi of Elyvilon (D:5)
  31 naga magi
  2 gargoyles
  An ice statue (IceCv)
  4 rime drakes
  3 kobold demonologists
  12 spiny frogs
  An efreet (D:15)
  A komodo dragon (shapeshifter) (D:15)
  4 komodo dragons
  A harpy zombie (D:15)
  7 merfolk
  A queen bee (D:10)
  4 trolls
  14 polar bears
  A hornet (D:15)
  3 wind drakes
  6 blink frogs (Lair:3)
  16 hippogriffs
  4 snapping turtles
  3 shadows
  49 yaks
  3 fire bats (Lair:2)
  6 basilisks
  3 wraiths
  2 wyverns
  2 humans (D:14)
  A fire elemental (Lair:2)
  A steam dragon (Lair:6)
  13 vampire mosquitoes
  4 wargs (Orc:2)
  3 acid dragons (Lair:6)
  A soldier ant (D:10)
  64 nagas
  30 water moccasins
  5 porcupines
  36 orc warriors
  5 sky beasts
  3 ice beasts
  A swamp drake (Lair:6)
  7 ogres
  2 black bears
  3 phantoms
  A necrophage (D:14)
  An eye of draining (D:15)
  32 centaurs
  56 wolves
  15 crocodiles
  3 big kobolds
  19 bullfrogs
  A gnoll sergeant (D:11)
  6 earth elementals (D:13)
  4 scorpions
  25 killer bees
  6 howler monkeys
  2 vampire bats (Lair:4)
  3 bullfrog zombies
  5 crimson imps
  2 quasits (D:7)
  2 bullfrog skeletons
  3 jellies
  8 centaur skeletons
  15 orc priests
  4 hounds
  6 iguanas
  15 orc wizards
  5 hell rats (Lair:6)
  7 worker ants
  2 centaur simulacra (D:5)
  A bullfrog simulacrum (D:5)
  2 hound skeletons (D:9)
  3 howler monkey skeletons
  23 adders
  7 gnolls
  5 shadow imps
  2 white imps (D:5)
  3 oozes
  4 worms
  3 dart slugs
  5 leopard geckos
  82 orcs
  4 ball pythons
  10 giant cockroaches
  4 goblins
  5 hobgoblins
  7 jackals
  14 kobolds
  A quokka (D:2)
  14 bats
  4 frilled lizards
  2 giant cockroach simulacra (D:5)
  A leopard gecko simulacrum (D:5)
  3 leopard gecko skeletons
  A quokka skeleton (D:8)
  4 rats
  2 fungi (Lair:6)
  6 plants
1096 creatures vanquished.

Vanquished Creatures (others)
  2 elephants (Lair:5)
  A polar bear (IceCv)
  8 wolves (IceCv)
  A fungus (Lair:1)
  4 plants
16 creatures vanquished.

Grand Total: 1112 creatures vanquished

Notes
Turn   | Place    | Note
-------+----------+-------------------------------------------
     0 | D:1      | Amplified the Minotaur Fighter began the quest for the Orb.
     0 | D:1      | Reached XP level 1. HP: 19/19 MP: 0/0
   163 | D:1      | Reached XP level 2. HP: 27/27 MP: 1/1
   419 | D:1      | Reached skill level 4 in Shields
   991 | D:2      | Reached XP level 3. HP: 33/33 MP: 2/2
  1441 | D:2      | Reached XP level 4. HP: 37/41 MP: 3/3
  1639 | D:2      | Found a sacrificial altar of Ru.
  2138 | D:3      | Reached XP level 5. HP: 27/47 MP: 4/4
  2140 | D:3      | Found a glowing golden altar of the Shining One.
  2151 | D:3      | Found a shimmering blue altar of Sif Muna.
  2153 | D:3      | Found a white marble altar of Elyvilon.
  2156 | D:3      | Became a worshipper of the Shining One
  2379 | D:3      | Reached skill level 5 in Fighting
  2798 | D:4      | Found a basalt altar of Yredelemnul.
  2838 | D:4      | Reached skill level 5 in Shields
  2895 | D:4      | Reached skill level 1 in Invocations
  2895 | D:4      | Reached XP level 6. HP: 56/56 MP: 5/5
  3263 | D:5      | Entered Level 5 of the Dungeon
  3330 | D:5      | Noticed a sky beast
  3332 | D:5      | Reached skill level 5 in Axes
  3333 | D:5      | Reached XP level 7. HP: 62/62 MP: 7/7
  3339 | D:5      | Reached skill level 5 in Armour
  3339 | D:5      | Reached skill level 6 in Shields
  3436 | D:5      | Found a glowing silver altar of Zin.
  3482 | D:5      | Found a runed translucent gate.
  3482 | D:5      | Found a runed translucent gate.
  3482 | D:5      | Found a runed translucent gate.
  3612 | D:5      | Reached * piety under the Shining One
  3626 | D:5      | Noticed Mrkan's ghost (novice CeFi)
  3663 | D:5      | Found a staircase to the Ecumenical Temple.
  4066 | D:6      | Reached XP level 8. HP: 54/71 MP: 9/9
  4111 | D:6      | Found a shimmering altar of Xom.
  4519 | D:6      | Reached skill level 7 in Shields
  4765 | D:7      | Reached ** piety under the Shining One
  4836 | D:7      | Identified a scroll of acquirement
  4937 | D:7      | Got a transparent leather armour
  4948 | D:7      | Identified the +4 leather armour of the Ban {rPois SInv}
                  | (You found it on level 7 of the Dungeon)
  5025 | D:7      | Reached XP level 9. HP: 76/80 MP: 11/11
  5340 | D:8      | Reached skill level 5 in Invocations
  5394 | D:8      | Reached skill level 8 in Shields
  5580 | D:8      | You fall into a shaft and drop 3 floors!
  5673 | D:11     | Noticed a cyclops
  5680 | D:11     | Killed a cyclops
  5680 | D:11     | Reached skill level 9 in Shields
  5736 | D:11     | Reached *** piety under the Shining One
  5743 | D:11     | Noticed a troll
  5753 | D:11     | Killed a troll
  5753 | D:11     | Reached XP level 10. HP: 39/91 MP: 13/13
  6105 | D:11     | Noticed a white ugly thing
  6122 | D:11     | Killed a white ugly thing
  6574 | D:10     | Entered Level 10 of the Dungeon
  6609 | D:10     | Found a portal to a secret trove of treasure.
  6837 | D:10     | Found a staircase to the Lair.
  6898 | D:10     | Found Ihotow's Jewellery Boutique.
  7105 | D:10     | Reached skill level 10 in Shields
  7109 | D:10     | Reached skill level 10 in Fighting
  7455 | D:9      | Reached skill level 10 in Axes
  7533 | D:9      | Reached **** piety under the Shining One
  7591 | D:9      | Reached XP level 11. HP: 101/101 MP: 10/15
  7634 | D:9      | Found Ihumet's Armour Emporium.
  7634 | D:9      | Found a staircase to the Orcish Mines.
  7982 | D:8      | Found a sparkling altar of Nemelex Xobeh.
  8294 | D:5      | Killed Mrkan's ghost
  8721 | D:12     | Noticed an unseen horror
  8726 | D:12     | Killed an unseen horror
  8752 | D:12     | Noticed a two-headed ogre
  8758 | D:12     | Killed a two-headed ogre
  8758 | D:12     | Reached skill level 11 in Shields
  8780 | D:12     | Noticed a deep elf mage
  8785 | D:12     | Killed a deep elf mage
  8894 | D:12     | Noticed a six-headed hydra
  9255 | D:12     | Reached ***** piety under the Shining One
  9349 | D:12     | Noticed a purple ugly thing
  9358 | D:12     | Killed a purple ugly thing
  9607 | D:12     | Killed a six-headed hydra
  9607 | D:12     | Reached skill level 12 in Shields
  9896 | Orc:1    | Entered Level 1 of the Orcish Mines
  9897 | Orc:1    | Noticed an orc sorcerer
  9903 | Orc:1    | Paralysed by an orc sorcerer for 2 turns
  9904 | Orc:1    | Noticed a two-headed ogre
  9905 | Orc:1    | Killed an orc sorcerer
  9905 | Orc:1    | Reached XP level 12. HP: 97/110 MP: 17/17
  9915 | Orc:1    | Killed a two-headed ogre
 10060 | D:9      | Bought the +10 large shield of Ignorance {rN+ Int-4} for
                  | 802 gold pieces
 10060 | D:9      | Found the +10 large shield of Ignorance {rN+ Int-4}
 10099 | Lair:1   | Entered Level 1 of the Lair of Beasts
 10215 | Lair:1   | Noticed Fannar
 10232 | Lair:1   | Reached skill level 1 in Dodging
 10305 | Lair:1   | Killed Fannar
 10305 | Lair:1   | Reached skill level 13 in Shields
 10994 | Lair:2   | Noticed Nergalle
 11003 | Lair:2   | Killed Nergalle
 11065 | Lair:2   | Found a transporter.
 11068 | Lair:2   | Found the +7 Spriggan's Knife {stab, EV+4 Stlth+}
 11077 | Lair:2   | Found a staircase to the Shoals.
 11148 | Lair:2   | Found a transporter.
 11389 | Lair:3   | You fall into a shaft and drop 1 floor!
 11542 | Lair:4   | Reached XP level 13. HP: 116/118 MP: 18/18
 11927 | Lair:4   | Found a staircase to the Snake Pit.
 12355 | Lair:4   | Got a pitted war axe
 12466 | Lair:2   | Reached skill level 14 in Shields
 12478 | Lair:2   | Got a transparent hat
 12491 | Lair:2   | Identified the cursed +1 war axe "Moefuatroa" {chop, Int+4}
                  | (You found it on level 4 of the Lair of Beasts)
 12500 | Lair:2   | Identified the +0 hat of Jigsaw {*Corrode Regen+ Dex+5
                  | Slay+2} (You found it on level 2 of the Lair of Beasts)
 13247 | Lair:3   | Reached skill level 5 in Dodging
 13297 | Lair:3   | Found the +8 whip "Snakebite" {curare, rPois}
 13669 | Lair:5   | Found a frozen archway.
 13696 | IceCv    | Entered an ice cave
 14634 | IceCv    | Reached skill level 15 in Shields
 14686 | IceCv    | Reached skill level 15 in Axes
 14765 | IceCv    | Noticed a frost giant
 14779 | IceCv    | Killed a frost giant
 15384 | Lair:5   | Found a viscous altar of Jiyva.
 15384 | Lair:5   | Found a staircase to the Slime Pits.
 15389 | Lair:5   | Reached XP level 14. HP: 129/129 MP: 19/19
 15434 | Lair:6   | Entered Level 6 of the Lair of Beasts
 16227 | Lair:6   | Reached skill level 16 in Shields
 17008 | Orc:2    | Entered Level 2 of the Orcish Mines
 17148 | Orc:2    | Found a staircase to the Elven Halls.
 17353 | Orc:2    | Found Guts's Antique Armour Boutique.
 17353 | Orc:2    | Found Nagonaukuq's Assorted Antiques.
 17398 | Orc:2    | Found Awnail's General Store.
 17400 | Orc:2    | Found Disosias's Assorted Antiques.
 17405 | Orc:2    | Bought a scroll of enchant weapon for 195 gold pieces
 17407 | Orc:2    | Bought a scroll of teleportation for 48 gold pieces
 17412 | Orc:2    | Bought a potion of heal wounds for 150 gold pieces
 17412 | Orc:2    | Bought a scroll of teleportation for 90 gold pieces
 17412 | Orc:2    | Bought a scroll of teleportation for 90 gold pieces
 17412 | Orc:2    | Bought a potion of agility for 120 gold pieces
 17412 | Orc:2    | Bought a scroll of fear for 105 gold pieces
 17412 | Orc:2    | Bought a scroll of enchant armour for 225 gold pieces
 17414 | Orc:2    | Bought a pair of gloves for 121 gold pieces
 17422 | Orc:2    | Bought a scroll of enchant armour for 195 gold pieces
 17422 | Orc:2    | Bought a potion of resistance for 260 gold pieces
 17422 | Orc:2    | Bought a dented brass amulet for 130 gold pieces
 17422 | Orc:2    | Bought a potion of agility for 104 gold pieces
 17424 | Orc:2    | Bought a ration for 80 gold pieces
 17424 | Orc:2    | Bought a ration for 80 gold pieces
 17784 | D:13     | Found Votilops's Assorted Antiques.
 17792 | D:13     | Bought a faintly glowing silver ring for 150 gold pieces
 17792 | D:13     | Bought a pair of boots for 135 gold pieces
 17792 | D:13     | Bought a pair of glowing gloves for 225 gold pieces
 18309 | D:13     | Reached ****** piety under the Shining One
 18327 | D:13     | Identified a +8 broad axe of holy wrath (a +6 broad axe of
                  | chopping blessed by the Shining One)
 18327 | D:13     | Received a gift from the Shining One
 18503 | D:14     | Reached skill level 17 in Shields
 18600 | D:14     | Reached XP level 15. HP: 124/137 MP: 20/20
 18619 | D:14     | Identified the Grimoire of Ignition and the Rocks
 19026 | D:15     | Entered Level 15 of the Dungeon
 19189 | D:15     | Found Tiseut's Assorted Antiques.
 19198 | D:15     | Bought a scroll of blinking for 247 gold pieces
 19453 | D:15     | Reached skill level 18 in Shields
 19549 | D:15     | Found a staircase to the Depths.
 19751 | D:15     | Identified the ring "Puug Kupn" {*Corrode rPois Str+5
                  | Int+6} (You bought it in a shop on level 13 of the Dungeon)
 19832 | D:14     | Found a gate to the Vaults.
 20305 | Snake:1  | Entered Level 1 of the Snake Pit
 20616 | Snake:1  | Found Nuibumm's Gadget Boutique.
 21031 | Snake:2  | Reached XP level 16. HP: 133/145 MP: 21/21
 21036 | Snake:2  | Reached skill level 19 in Shields
 21513 | Snake:2  | Found a hazy altar of Hepliaklqana.
 21722 | Snake:2  | Noticed Agnes
 21728 | Snake:2  | Killed Agnes
 22345 | Snake:3  | Reached skill level 10 in Armour
 22553 | Snake:3  | Reached skill level 15 in Fighting
 22786 | Snake:4  | Entered Level 4 of the Snake Pit
 22795 | Snake:4  | Noticed littlecub's ghost (journeyman DsGl)
 22888 | Snake:4  | Reached skill level 20 in Shields
 22895 | Snake:4  | Found a transporter.
 22914 | Snake:4  | Found a transporter.
 22925 | Snake:4  | Found Kidugis's Jewellery Shoppe.
 23362 | Snake:4  | Reached XP level 17. HP: 135/156 MP: 19/22
 24035 | Snake:4  | Noticed Vashnia
 24254 | Snake:4  | Killed Vashnia
 24355 | Snake:4  | Got a serpentine rune of Zot
 24816 | Shoals:1 | Entered Level 1 of the Shoals
 25026 | Shoals:1 | Reached skill level 21 in Shields
 25376 | Shoals:2 | Noticed Ilsuiw
 25409 | Shoals:2 | Killed Ilsuiw
 25732 | Shoals:2 | Reached XP level 18. HP: 169/169 MP: 23/23
 25911 | Shoals:2 | Found a white marble altar of Elyvilon.
 26006 | Shoals:2 | Got an ancient leather armour
 26032 | Shoals:2 | Found Eroihuck's Assorted Antiques.
 26039 | Shoals:2 | Identified the +4 pair of gloves of Tail {rC++ Stlth-}
 26039 | Shoals:2 | Noticed Nikola
 26069 | Shoals:2 | Noticed Polyphemus
 26071 | Shoals:2 | HP: 4/170 [death yak[Polyphemus] (12)]
 26072 | Shoals:2 | HP: 1/170 [catoblepas[Polyphemus] (2)]
 26073 | Shoals:2 | The Shining One protects you from harm!
 26073 | Shoals:2 | Mangled by a death yak

Levels and vault maps discovered:
D:1:      tarquinn_simple_flora_water_e, layout_loops_corners
D:2:      layout_loops_ring, nicolae_ru_the_path_less_chosen
D:3:      layout_basic, grunt_temple_overflow_open, first_ration
D:4:      layout_basic, yredelemnul_altar_generic
D:5:      layout_basic, overflow_temple_1_default, minmay_temple_entry_junction,
          gammafunk_ghost_icy
D:6:      layout_basic, nicolae_overflow_hidden_temple
D:7:      layout_basic
D:8:      layout_rooms, nemelex_dance_club_becter
D:9:      layout_roguey, orc_david_3
D:10:     layout_rooms, lair_entry_dummy, enter_trove_1, serial_shops,
          nicolae_shop_competitors_out_of_business, special_room
          [special_room_bee]
D:11:     layout_loops_ring, blue_anna_alchemist [blue_anna_fruit_fields,
          blue_anna_fruit_fields]
D:12:     layout_loops_ring, serial_glass, glass_columns_a, glass_columns_c,
          glass_columns_a, glass_columns_c
D:13:     nrook_guardian_serpent_snake_passage, layout_loops_corners,
          serial_shops, shop, hangedman_cracks_in_the_wall
D:14:     layout_irregular_city, grunt_vaults_entry_fortified, minmay_holes
D:15:     grunt_enter_depths_snipers, layout_basic, serial_shops,
          shop_fountains, chequers_serial_rivers_small_b, minmay_misc_feat_doors
Lair:1:   layout_roguey, st_stairs_10, grunt_forest_large_clearings,
          serial_bayou_shore_b, uniq_fannar
Lair:2:   gammafunk_cloud_chamber, layout_misc_corridors,
          minmay_shoals_entry_beasts, grunt_megastairs_2, lemuel_fruit_tree,
          lemuel_fruit_fields, uniq_nergalle
Lair:3:   minmay_guarded_unrand_snakebite, layout_cave_pods
Lair:4:   layout_layer_cave, guppyfry_snake_entry_island, roderic_batcave
Lair:5:   layout_loops_ring, dpeg_slime_entry_enclosed_altar,
          portal_ice_cave_entry_pillars_1
Lair:6:   guppyfry_lair_end_dragon, layout_gridlike, hangedman_lair_in_review,
          serial_bayou_pond_c
Shoals:1: layout_shoals
Shoals:2: cheibrodos_shoals_epimethial_gifts, layout_shoals, serial_shops,
          shop_fountains, lemuel_centaur_altar, uniq_polyphemus, uniq_aizul,
          uniq_ilsuiw, uniq_nikola
Shoals:3: layout_shoals
Snake:1:  layout_rooms, serial_shops, shop, hangedman_snake_corridor_cut
Snake:2:  layout_chambers, basic_altar, hangedman_venom_bottle, uniq_agnes
Snake:3:  layout_cave_town, serial_bayou_pond_d
Snake:4:  johnstein_snake_rune_scales, layout_layer_cave, gammafunk_ghost_arena,
          serial_shops, nicolae_shop_statue_plus
Orc:1:    layout_diamond_mine
Orc:2:    st_orc_rangers, layout_caves

Skill      XL: |  1  2  3  4  5  6  7  8  9 10 11 12 13 14 15 16 17 |
---------------+----------------------------------------------------+-----
Shields        | 4 5 6 7 9 10 12 13 15 17 18 20 21 | 21.3
Axes           | 3 4 5 6 7 8 10 11 13 15 16 18 | 18.9
Fighting       | 4 5 6 7 9 10 11 12 13 15 17 | 17.2
Armour         | 4 5 6 7 11 13 | 13.7
Invocations    | 1 2 3 4 6 7 8 |  8.8
Dodging        | 4 6 7 |  7.8

Action                   |  1- 3 |  4- 6 |  7- 9 | 10-12 | 13-15 | 16-18 || total
-------------------------+-------+-------+-------+-------+-------+-------++-------
Melee: War axe           |    51 |   124 |    96 |       |       |       ||   271
       Headbutt          |    21 |    22 |    37 |    93 |   222 |   206 ||   601
       Hand axe          |    43 |       |       |       |       |       ||    43
       Broad axe         |       |       |   105 |   466 |   868 |   711 ||  2150
       Eveningstar       |       |       |       |       |     9 |       ||     9
Invok: Divine Shield     |       |       |     1 |     5 |     2 |     7 ||    15
       Cleansing Flame   |       |       |       |     3 |     6 |    12 ||    21
       Brand Weapon With |       |       |       |       |     1 |       ||     1
Evoke: Wand              |       |       |     3 |     8 |    10 |     2 ||    23
  Use: Scroll            |     6 |     4 |    11 |    14 |    18 |    11 ||    64
       Potion            |       |     5 |     3 |     3 |     8 |     7 ||    26
  Eat: Chunk             |     1 |     7 |     3 |     8 |    12 |     8 ||    39
       Ration            |       |       |     2 |     3 |     7 |     2 ||    14
Armor: Scale mail        |    38 |    45 |    37 |       |       |       ||   120
       Leather armour    |       |       |    21 |    83 |    72 |    40 ||   216
Dodge: Dodged            |    23 |    35 |    63 |   103 |   201 |   178 ||   603
Block: Shield            |    33 |    70 |   139 |   236 |       |       ||   478
       Large shield      |       |       |       |   264 |  1171 |  1084 ||  2519
